[Event "Chile Championship Absolute 2022"]
[Site "Las Condes"]
[Date "2022.02.18"]
[Round "1.1"]
[White "Olivares Olivares, Claudio"]
[Black "Palma Neira, Eliseo Maximiliano"]
[Result "1-0"]
[ECO "B33"]
[WhiteElo "2380"]
[BlackElo "2029"]
[Annotator "ChessBase"]
[PlyCount "58"]
[EventDate "2022.02.18"]
[EventType "tourn"]
[EventCountry "CHI"]
[SourceTitle "playchess.com"]
[Source "ChessBase"]
[SourceQuality "1"]
[TimeControl "5400+30"]

1. e4 c5 2. Nf3 Nc6 3. d4 cxd4 4. Nxd4 Nf6 5. Nc3 e5 6. Ndb5 d6 7. Bg5 a6 8. Na3 b5 9. Bxf6 gxf6 10. Nd5 Bg7 11. Bd3 Ne7 12. Nxe7 Qxe7 13. c4 O-O 14. O-O f5 15. Qf3 Qb7 16. Qe2 d5 17. cxd5 fxe4 18. Bxe4 f5 19. Bc2 Kh8 20. Bb3 e4 21. Rfd1 Be5 22. d6 Qg7 23. Rac1 Ra7 24. Rc5 Qf6 25. Qc2 Be6 26. Rc7 Rf7 27. Rxa7 Rxa7 28. Bxe6 Qxe6 29. d7 Ra8 1-0

[Event "Chile Championship Absolute 2022"]
[Site "Las Condes"]
[Date "2022.02.18"]
[Round "1.4"]
[White "Diaz Vasquez, Martin"]
[Black "Bahamondes Ortiz, Benjamin"]
[Result "1-0"]
[ECO "B50"]
[WhiteElo "2253"]
[BlackElo "2164"]
[Annotator "ChessBase"]
[PlyCount "85"]
[EventDate "2022.02.18"]
[EventType "tourn"]
[EventCountry "CHI"]
[SourceTitle "playchess.com"]
[Source "ChessBase"]
[SourceQuality "1"]
[TimeControl "5400+30"]

1. Nf3 c5 2. b3 d6 3. Bb2 e5 4. e4 Nf6 5. Bb5+ Nc6 6. Bxc6+ bxc6 7. d3 Be7 8. O-O O-O 9. Nfd2 Ne8 10. Nc3 f5 11. exf5 Bxf5 12. Nce4 Qd7 13. Qe2 Nc7 14. Ng3 Be6 15. c4 a5 16. a4 Rf4 17. Bc3 Bf7 18. Qe1 Ne6 19. Ne2 Rg4 20. Ne4 Bd8 21. f3 Rg6 22. f4 exf4 23. Nxf4 Nxf4 24. Rxf4 Bb6 25. Qf2 Be6 26. Rf1 Qe7 27. Ng3 d5 28. Nf5 Bxf5 29. Rxf5 h6 30. Rf7 Qd6 31. Rb7 d4 32. Qf7+ Kh7 33. Be1 Rb8 34. Re7 Rg8 35. Bg3 Qd8 36. Be5 Qc8 37. h3 Bd8 38. Rd7 Bg5 39. Qf5 Kh8 40. Qxg6 Qxd7 41. Rf7 Be3+ 42. Kh1 Qe8 43. Bxg7+ 1-0

[Event "Chile Championship Absolute 2022"]
[Site "Las Condes"]
[Date "2022.02.19"]
[Round "3.5"]
[White "Vasquez Toledo, Cristian"]
[Black "Bahamondes Ortiz, Benjamin"]
[Result "1-0"]
[ECO "B96"]
[WhiteElo "2154"]
[BlackElo "2164"]
[Annotator "NA"]
[PlyCount "53"]
[EventDate "2022.02.18"]
[EventType "tourn"]
[EventCountry "CHI"]
[SourceTitle "playchess.com"]
[Source "ChessBase"]
[SourceQuality "1"]
[TimeControl "5400+30"]

1. e4 c5 2. Nf3 d6 3. d4 cxd4 4. Nxd4 Nf6 5. Nc3 a6 6. Bg5 e6 7. f4 Qc7 8. Qf3 Nc6 9. Bxf6 gxf6 10. O-O-O h5 11. Be2 Bd7 12. f5 Be7 13. Qh3 Nxd4 14. Rxd4 h4 15. Rhd1 Qa5 16. Kb1 b5 17. a3 Rb8 18. fxe6 fxe6 19. Bg4 b4 20. axb4 Qe5 21. g3 f5 22. exf5 exf5 23. Be2 hxg3 24. Qxg3 Qxg3 25. hxg3 Bc8 26. Nd5 Rh3 27. Re1 1-0

[Event "Chile Championship Absolute 2022"]
[Site "Las Condes"]
[Date "2022.02.20"]
[Round "4.2"]
[White "Bahamondes Ortiz, Benjamin"]
[Black "Lopez Silva, Hugo Andres"]
[Result "0-1"]
[ECO "A77"]
[WhiteElo "2164"]
[BlackElo "2407"]
[Annotator "ChessBase"]
[PlyCount "114"]
[EventDate "2022.02.18"]
[EventType "tourn"]
[EventCountry "CHI"]
[SourceTitle "playchess.com"]
[Source "ChessBase"]
[SourceQuality "1"]
[TimeControl "5400+30"]

1. d4 Nf6 2. c4 c5 3. d5 e6 4. Nc3 exd5 5. cxd5 d6 6. Nf3 g6 7. Nd2 Nbd7 8. e4 Bg7 9. Be2 O-O 10. O-O Re8 11. a4 a6 12. Re1 Ne5 13. Qc2 Nfg4 14. Bxg4 Nxg4 15. Nf3 Rb8 16. Bf4 b5 17. axb5 axb5 18. h3 b4 19. Na4 b3 20. Qd2 Ne5 21. Nxe5 Bxe5 22. Bxe5 Rxe5 23. f4 Re8 24. Nc3 f6 25. f5 gxf5 26. exf5 Bxf5 27. Qf4 Qd7 28. g4 Bg6 29. Qxf6 Rf8 30. Qe6+ Qxe6 31. dxe6 Rf3 32. Nd5 Rd3 33. Rad1 Rxd1 34. Rxd1 c4 35. Kf2 Kg7 36. Rd4 Re8 37. Nc7 Rf8+ 38. Ke3 c3 39. bxc3 Rc8 40. Rb4 Rxc7 41. Rxb3 Kf6 42. Kd4 Kxe6 43. c4 Bf7 44. Rc3 Rc5 45. Ra3 Kf6 46. Rc3 Rxc4+ 47. Rxc4 Bxc4 48. Kxc4 Kg5 49. Kd5 Kh4 50. Kxd6 Kxh3 51. g5 Kg4 52. Kd5 Kxg5 53. Ke4 Kg4 54. Ke3 Kg3 55. Ke2 Kg2 56. Ke3 h5 57. Kf4 h4 0-1

[Event "Chile Championship Absolute 2022"]
[Site "Las Condes"]
[Date "2022.02.20"]
[Round "4.3"]
[White "Barriga Silva, Felipe"]
[Black "Vasquez Toledo, Cristian"]
[Result "1-0"]
[ECO "B26"]
[WhiteElo "2162"]
[BlackElo "2154"]
[Annotator "ChessBase"]
[PlyCount "71"]
[EventDate "2022.02.18"]
[EventType "tourn"]
[EventCountry "CHI"]
[SourceTitle "playchess.com"]
[Source "ChessBase"]
[SourceQuality "1"]
[TimeControl "5400+30"]

1. e4 c5 2. Nc3 Nc6 3. g3 g6 4. d3 Bg7 5. Be3 d6 6. Qd2 Rb8 7. Bg2 b5 8. f4 b4 9. Nd1 Bd7 10. Nf3 Nf6 11. h3 O-O 12. O-O Qb6 13. Nh4 e6 14. g4 Kh8 15. a3 a5 16. axb4 axb4 17. Qf2 Nd4 18. f5 exf5 19. exf5 Rfe8 20. c3 Nb3 21. Ra2 Bc6 22. Bg5 Nd7 23. f6 Bf8 24. Ne3 Ne5 25. Nc4 Nxc4 26. dxc4 Bxg2 27. Nxg2 Re6 28. Nf4 Re5 29. Nd5 Qb7 30. Bf4 Re6 31. Qh4 Re4 32. Bh6 Qd7 33. Bxf8 Rxf8 34. Qh6 Rg8 35. Ra8 Rxg4+ 36. Kh2 1-0

[Event "Chile Championship Absolute 2022"]
[Site "Las Condes"]
[Date "2022.02.20"]
[Round "4.4"]
[White "Donoso Diaz, Sebastian"]
[Black "Diaz Villagran, Robert"]
[Result "1-0"]
[ECO "E71"]
[WhiteElo "2212"]
[BlackElo "2318"]
[Annotator "ChessBase"]
[PlyCount "71"]
[EventDate "2022.02.18"]
[EventType "tourn"]
[EventCountry "CHI"]
[SourceTitle "playchess.com"]
[Source "ChessBase"]
[SourceQuality "1"]
[TimeControl "5400+30"]

1. d4 Nf6 2. c4 g6 3. Nc3 Bg7 4. e4 d6 5. h3 O-O 6. Be3 Na6 7. Be2 e5 8. d5 Nc5 9. Qc2 c6 10. g4 cxd5 11. cxd5 Bd7 12. b4 Na6 13. a3 Ne8 14. Bd3 f5 15. gxf5 gxf5 16. exf5 e4 17. Bxe4 Rc8 18. Nge2 Qe7 19. Rg1 Kh8 20. Rxg7 Qxg7 21. Kd2 Nf6 22. Bd3 Nc7 23. Rg1 Qe7 24. Qb2 Rg8 25. Re1 Qg7 26. Rg1 Qe7 27. Bd4 Rcf8 28. Ne4 Nce8 29. N2g3 Rg7 30. Re1 Qf7 31. Nxf6 Nxf6 32. Ne4 Nxe4+ 33. Rxe4 h5 34. f6 Rg2 35. Re7 Qxd5 36. f7+ 1-0

[Event "Chile Championship Absolute 2022"]
[Site "Las Condes"]
[Date "2022.02.20"]
[Round "4.6"]
[White "Aguirre Contreras, Cristian Rodrigo"]
[Black "Vergara Rozas, Jose Francisco"]
[Result "1-0"]
[ECO "D02"]
[WhiteElo "2261"]
[BlackElo "2044"]
[Annotator "ChessBase"]
[PlyCount "59"]
[EventDate "2022.02.18"]
[EventType "tourn"]
[EventCountry "CHI"]
[SourceTitle "playchess.com"]
[Source "ChessBase"]
[SourceQuality "1"]
[TimeControl "5400+30"]

1. d4 Nf6 2. Nf3 d5 3. g3 Bf5 4. Bg2 e6 5. O-O c5 6. b3 Nc6 7. Bb2 Rc8 8. c4 dxc4 9. bxc4 Be7 10. e3 O-O 11. Qe2 cxd4 12. Nxd4 Nxd4 13. exd4 b6 14. Nd2 Qc7 15. Rac1 Rfd8 16. h3 Qd7 17. g4 Bg6 18. Nf3 Be4 19. g5 Bxf3 20. Qxf3 Ne8 21. h4 Bf8 22. h5 Qa4 23. g6 Nf6 24. d5 Be7 25. gxf7+ Kxf7 26. Bh3 Rxc4 27. Bxe6+ Ke8 28. Rxc4 Qxc4 29. h6 Qc2 30. hxg7 1-0

[Event "Chile Championship Absolute 2022"]
[Site "Las Condes"]
[Date "2022.02.21"]
[Round "5.1"]
[White "Vergara Rozas, Jose Francisco"]
[Black "Palma Neira, Eliseo Maximiliano"]
[Result "1/2-1/2"]
[ECO "C47"]
[WhiteElo "2044"]
[BlackElo "2029"]
[Annotator "NA"]
[PlyCount "140"]
[EventDate "2022.02.18"]
[EventType "tourn"]
[EventCountry "CHI"]
[SourceTitle "playchess.com"]
[Source "ChessBase"]
[SourceQuality "1"]
[TimeControl "5400+30"]

1. e4 e5 2. Nf3 Nc6 3. d4 exd4 4. Nxd4 Nf6 5. Nc3 Bb4 6. Nxc6 bxc6 7. Bd3 d5 8. exd5 cxd5 9. O-O c6 10. Re1+ Be7 11. Ne2 O-O 12. Nd4 Bd6 13. h3 c5 14. Nf5 Bxf5 15. Bxf5 g6 16. Bd3 c4 17. Be2 Bc5 18. Bf3 Qb6 19. Rf1 Rad8 20. Rb1 d4 21. b3 Rfe8 22. Bg5 c3 23. Qd3 Re5 24. Bh4 Rde8 25. b4 Be7 26. a4 Ne4 27. a5 Qd8 28. Bxe4 Bxh4 29. Bf3 Bf6 30. Bc6 R8e6 31. Bb5 Re2 32. Qxe2 Rxe2 33. Bxe2 Be5 34. Bd3 Bc7 35. Rfe1 Qd6 36. g3 h5 37. h4 Kg7 38. Re4 f5 39. Re8 f4 40. Rbe1 fxg3 41. R1e6 gxf2+ 42. Kf1 Qf4 43. R8e7+ Kf8 44. Re8+ Kg7 45. Rxg6+ Kf7 46. Re2 Qc1+ 47. Kxf2 Qf4+ 48. Kg2 Qxh4 49. Rf2+ Bf4 50. b5 Ke7 51. b6 Bb8 52. Rg7+ Ke6 53. Bf5+ Kf6 54. bxa7 Bxa7 55. Rxa7 Qg5+ 56. Bg4+ Kg6 57. Rff7 Qxg4+ 58. Kf2 Qd1 59. Rg7+ Kf6 60. Raf7+ Ke5 61. Re7+ Kd5 62. Re2 Qa1 63. Rg5+ Kd6 64. Rxh5 d3 65. cxd3 Qa4 66. Rh6+ Kd7 67. Rh7+ Kd6 68. Rh6+ Kd5 69. Rh5+ Kd6 70. Rh6+ Kd5 1/2-1/2

[Event "Chile Championship Absolute 2022"]
[Site "Las Condes"]
[Date "2022.02.21"]
[Round "5.2"]
[White "Diaz Vasquez, Martin"]
[Black "Aguirre Contreras, Cristian Rodrigo"]
[Result "1-0"]
[ECO "A06"]
[WhiteElo "2253"]
[BlackElo "2261"]
[Annotator "NA"]
[PlyCount "71"]
[EventDate "2022.02.18"]
[EventType "tourn"]
[EventCountry "CHI"]
[SourceTitle "playchess.com"]
[Source "ChessBase"]
[SourceQuality "1"]
[TimeControl "5400+30"]

1. Nf3 Nf6 2. b3 c5 3. e3 d5 4. Bb2 a6 5. c4 e6 6. Be2 Be7 7. cxd5 exd5 8. O-O O-O 9. d4 Nbd7 10. Nc3 b5 11. dxc5 Nxc5 12. Nd4 Qb6 13. Bf3 Rd8 14. Rc1 b4 15. Nce2 a5 16. Nf4 Ba6 17. Nf5 Bf8 18. Be2 a4 19. Bd4 Nfe4 20. Bxa6 Qxa6 21. Bxg7 Bxg7 22. Qg4 Qf6 23. Nh5 Qg5 24. Qxg5 Nxg5 25. Rxc5 Ne6 26. Rxd5 Rxd5 27. Ne7+ Kf8 28. Nxd5 Bc3 29. Nhf4 axb3 30. axb3 Nc5 31. Ne2 Bd2 32. Nd4 Bc3 33. Nc2 Nd3 34. Rd1 Nxf2 35. Kxf2 Ra2 36. Nxc3 1-0

[Event "Chile Championship Absolute 2022"]
[Site "Las Condes"]
[Date "2022.02.21"]
[Round "5.3"]
[White "Diaz Villagran, Robert"]
[Black "Olivares Olivares, Claudio"]
[Result "1-0"]
[ECO "B99"]
[WhiteElo "2318"]
[BlackElo "2380"]
[Annotator "ChessBase"]
[PlyCount "89"]
[EventDate "2022.02.18"]
[EventType "tourn"]
[EventCountry "CHI"]
[SourceTitle "playchess.com"]
[Source "ChessBase"]
[SourceQuality "1"]
[TimeControl "5400+30"]

1. e4 c5 2. Nf3 d6 3. d4 cxd4 4. Nxd4 Nf6 5. Nc3 a6 6. Bg5 e6 7. f4 h6 8. Bh4 Be7 9. Qf3 Nbd7 10. O-O-O Qc7 11. Be2 Rg8 12. Bf2 b5 13. a3 Rb8 14. Nb3 b4 15. axb4 Rxb4 16. Rd4 Rxd4 17. Nxd4 Bb7 18. Qe3 Nc5 19. Bf3 g5 20. g3 gxf4 21. gxf4 Ng4 22. Bxg4 Rxg4 23. Rg1 Rxg1+ 24. Bxg1 e5 25. Nf3 exf4 26. Qxf4 Ne6 27. Qxh6 Qc4 28. Nd2 Qb4 29. Be3 Bf8 30. Qh8 Kd7 31. Qh5 Ke8 32. Nd5 Qa4 33. c3 Bg7 34. Qe2 Be5 35. Kb1 Bc6 36. Qd3 Bxh2 37. b3 Qb5 38. Kc2 Qa5 39. Kb2 Bb5 40. Qc2 Qd8 41. Nf3 Be5 42. Nxe5 dxe5 43. Qh2 Qd6 44. Qh8+ Kd7 45. Nb6+ 1-0

[Event "Chile Championship Absolute 2022"]
[Site "Las Condes"]
[Date "2022.02.21"]
[Round "5.4"]
[White "Vasquez Toledo, Cristian"]
[Black "Donoso Diaz, Sebastian"]
[Result "1-0"]
[ECO "C55"]
[WhiteElo "2154"]
[BlackElo "2212"]
[Annotator "NA"]
[PlyCount "99"]
[EventDate "2022.02.18"]
[EventType "tourn"]
[EventCountry "CHI"]
[SourceTitle "playchess.com"]
[Source "ChessBase"]
[SourceQuality "1"]
[TimeControl "5400+30"]

1. e4 e5 2. Nf3 Nc6 3. Bc4 Be7 4. c3 Nf6 5. d3 O-O 6. O-O d5 7. exd5 Nxd5 8. Re1 Bg4 9. Nbd2 Nf4 10. Ne4 Na5 11. Bxf4 Nxc4 12. Bc1 f5 13. Qb3 Qxd3 14. Nxe5 Qd5 15. Qxc4 Qxc4 16. Nxc4 fxe4 17. Rxe4 Bc5 18. Rxg4 Bxf2+ 19. Kh1 b5 20. Bh6 bxc4 21. Bxg7 h5 22. Rg5 Be3 23. Rg3 Bf4 24. Bxf8+ Bxg3 25. Bc5 Bd6 26. Bxd6 cxd6 27. Re1 Rb8 28. Re2 Kf7 29. Kg1 Rb5 30. Kf2 Kf6 31. Ke3 Re5+ 32. Kd2 Rd5+ 33. Kc2 Ra5 34. Kb1 Rb5 35. g3 Kg5 36. Re4 d5 37. Re5+ Kg4 38. Kc2 h4 39. gxh4 Kxh4 40. b4 cxb3+ 41. axb3 a6 42. Re6 a5 43. Re5 Kg4 44. c4 Rb4 45. Rxd5 a4 46. Rb5 axb3+ 47. Kc3 Ra4 48. Kxb3 Ra1 49. Re5 Kf4 50. Re2 1-0

[Event "Chile Championship Absolute 2022"]
[Site "Las Condes"]
[Date "2022.02.24"]
[Round "8.1"]
[White "Palma Neira, Eliseo Maximiliano"]
[Black "Barriga Silva, Felipe"]
[Result "1/2-1/2"]
[ECO "E67"]
[WhiteElo "2029"]
[BlackElo "2162"]
[Annotator "RC"]
[PlyCount "109"]
[EventDate "2022.02.18"]
[EventType "tourn"]
[EventCountry "CHI"]
[SourceTitle "playchess.com"]
[Source "ChessBase"]
[SourceQuality "1"]
[TimeControl "5400+30"]

1. d4 Nf6 2. Nf3 g6 3. c4 Bg7 4. g3 O-O 5. Bg2 d6 6. O-O Nbd7 7. Nc3 e5 8. d5 Nc5 9. b4 Nce4 10. Nxe4 Nxe4 11. Qe1 a5 12. bxa5 f5 13. Nd2 Nc5 14. Nb3 Na4 15. Bd2 f4 16. Rc1 g5 17. c5 g4 18. f3 gxf3 19. Rxf3 dxc5 20. Rf1 Qd6 21. gxf4 Bg4 22. Rc4 b5 23. axb6 Nxb6 24. Rxc5 Rxa2 25. Rc6 Qd7 26. Nc5 Qd8 27. h3 Bd7 28. Nxd7 Qxd7 29. d6 Kh8 30. Bc3 cxd6 31. fxe5 Rxf1+ 32. Qxf1 Qd8 33. Qd1 d5 34. Rd6 Qc7 35. Bd4 Nc8 36. Rxd5 Ne7 37. Rc5 Qd8 38. e3 Qf8 39. Qg4 Qf2+ 40. Kh2 Ra8 41. e6 Rg8 42. Rg5 Qf8 43. h4 Qb8+ 44. Kh3 Qf8 45. h5 h6 46. Rxg7 Rxg7 47. Be5 Kg8 48. Bxg7 Qxg7 49. Be4 Kh8 50. Bg6 Qf6 51. Bd3 Qe5 52. Qd4 Qg7 53. Qd8+ Ng8 54. Bg6 Qf8 55. Qxf8 1/2-1/2

[Event "Chile Championship Absolute 2022"]
[Site "Las Condes"]
[Date "2022.02.24"]
[Round "8.2"]
[White "Donoso Diaz, Sebastian"]
[Black "Bahamondes Ortiz, Benjamin"]
[Result "1/2-1/2"]
[ECO "D02"]
[WhiteElo "2212"]
[BlackElo "2164"]
[Annotator "RC"]
[PlyCount "102"]
[EventDate "2022.02.18"]
[EventType "tourn"]
[EventCountry "CHI"]
[SourceTitle "playchess.com"]
[Source "ChessBase"]
[SourceQuality "1"]
[TimeControl "5400+30"]

1. d4 Nf6 2. Nf3 e6 3. g3 c5 4. Bg2 cxd4 5. Nxd4 d5 6. O-O e5 7. Nb3 Nc6 8. Bg5 Be6 9. Nc3 d4 10. Ne4 Be7 11. Nec5 Bxb3 12. Nxb7 Qb6 13. cxb3 Qxb7 14. Rc1 Rc8 15. Qc2 O-O 16. Bxc6 Qa6 17. Qc4 Qxa2 18. Ra1 Qxb2 19. Rxa7 Bd6 20. Bxf6 gxf6 21. Rd7 Bb4 22. Rb7 Bc3 23. b4 Bxb4 24. Rxb4 Rxc6 25. Qxc6 Qxb4 26. Qxf6 Re8 27. Qg5+ Kh8 28. Rc1 Qe7 29. Qf5 Qe6 30. Qe4 Qg6 31. Qb7 Kg7 32. Rc7 Qf5 33. Qd5 Qe6 34. Qe4 Qg6 35. Qb7 Qf5 36. h3 Re6 37. Qc8 Qxh3 38. Re7 Qf5 39. Rxe6 Qxe6 40. Qd8 Qf6 41. Qd7 h6 42. Qd5 Qg5 43. Kg2 Qf5 44. Kg1 Qe6 45. Qe4 f5 46. Qb7+ Kg6 47. Qb8 e4 48. Qd8 Qf6 49. Qg8+ Qg7 50. Qe8+ Kh7 51. Qc8 Qf6 1/2-1/2

[Event "Chile Championship Absolute 2022"]
[Site "Las Condes"]
[Date "2022.02.24"]
[Round "8.4"]
[White "Aguirre Contreras, Cristian Rodrigo"]
[Black "Lopez Silva, Hugo Andres"]
[Result "0-1"]
[ECO "A70"]
[WhiteElo "2261"]
[BlackElo "2407"]
[Annotator "RC"]
[PlyCount "92"]
[EventDate "2022.02.18"]
[EventType "tourn"]
[EventCountry "CHI"]
[SourceTitle "playchess.com"]
[Source "ChessBase"]
[SourceQuality "1"]
[TimeControl "5400+30"]

1. d4 Nf6 2. c4 g6 3. Nc3 Bg7 4. e4 d6 5. h3 c5 6. d5 O-O 7. Nf3 e6 8. Bd3 exd5 9. cxd5 Nh5 10. O-O Nd7 11. Bg5 Bf6 12. Be3 a6 13. a4 Re8 14. Re1 Ne5 15. g4 Ng7 16. Nxe5 Bxe5 17. f4 Bd4 18. Qf3 f5 19. g5 Bxc3 20. bxc3 fxe4 21. Bxe4 Bf5 22. Bd2 Rxe4 23. Rxe4 Bxe4 24. Qxe4 Qd7 25. Qf3 Re8 26. c4 Nf5 27. Re1 Rxe1+ 28. Bxe1 Qxa4 29. Qe4 Qd7 30. Qd3 Qe8 31. Bd2 b5 32. cxb5 axb5 33. Kf2 b4 34. Bc1 Qf7 35. Qb5 Nd4 36. Qa6 Qe8 37. Be3 Nf5 38. Bc1 Qe4 39. Qc8+ Kf7 40. Qd7+ Ne7 41. Qxd6 Qc2+ 42. Kf3 Qxc1 43. Qe6+ Kf8 44. Qf6+ Ke8 45. d6 Qf1+ 46. Ke3 Nd5+ 0-1

[Event "Chile Championship Absolute 2022"]
[Site "Las Condes"]
[Date "2022.02.24"]
[Round "8.5"]
[White "Vergara Rozas, Jose Francisco"]
[Black "Vasquez Toledo, Cristian"]
[Result "1/2-1/2"]
[ECO "B32"]
[WhiteElo "2044"]
[BlackElo "2154"]
[Annotator "RC"]
[PlyCount "139"]
[EventDate "2022.02.18"]
[EventType "tourn"]
[EventCountry "CHI"]
[SourceTitle "playchess.com"]
[Source "ChessBase"]
[SourceQuality "1"]
[TimeControl "5400+30"]

1. e4 c5 2. Nf3 Nc6 3. d4 cxd4 4. Nxd4 e5 5. Nb5 d6 6. N1c3 a6 7. Na3 Be7 8. Nd5 Nf6 9. Nxe7 Qxe7 10. Bg5 Be6 11. Nc4 Rd8 12. Ne3 O-O 13. c3 h6 14. Bxf6 Qxf6 15. g3 Ne7 16. Bg2 Rd7 17. O-O Rfd8 18. c4 b5 19. cxb5 axb5 20. Qe2 Rb7 21. Rfd1 Nc6 22. Qd2 Ra7 23. Nd5 Bxd5 24. Qxd5 Nd4 25. a3 Rc7 26. a4 Rc2 27. Rf1 bxa4 28. Rxa4 Rxb2 29. Ra8 Rxa8 30. Qxa8+ Kh7 31. Qa3 Rc2 32. Qd3 Qe6 33. Qa6 g5 34. h3 Kg7 35. Qd3 Qf6 36. Qd1 Re2 37. Qb1 h5 38. Qd3 Kh6 39. Qa3 g4 40. h4 Kg7 41. Qd3 Qg6 42. Ra1 Kh7 43. Rd1 Qf6 44. Rf1 Kg7 45. Qa3 Rc2 46. Qe3 Rb2 47. Qa3 Rb3 48. Qa8 Ne2+ 49. Kh2 Nd4 50. Qa6 Nf3+ 51. Bxf3 Qxf3 52. Qxd6 Qxe4 53. Qd2 Qf5 54. Re1 Rf3 55. Kg1 Qf6 56. Qb2 Rf5 57. Qd2 Kg6 58. Qd3 Kg7 59. Qd2 Qe6 60. Qe3 Qa2 61. Rc1 Qd5 62. Re1 Kg6 63. Rb1 Qd4 64. Rb6+ f6 65. Qxd4 exd4 66. Rd6 Re5 67. Rxd4 Re6 68. Kg2 Ra6 69. Rb4 Ra3 70. Rb8 1/2-1/2

[Event "Chile Championship Absolute 2022"]
[Site "Las Condes"]
[Date "2022.02.24"]
[Round "8.6"]
[White "Diaz Vasquez, Martin"]
[Black "Diaz Villagran, Robert"]
[Result "1-0"]
[ECO "E62"]
[WhiteElo "2253"]
[BlackElo "2318"]
[Annotator "RC"]
[PlyCount "101"]
[EventDate "2022.02.18"]
[EventType "tourn"]
[EventCountry "CHI"]
[SourceTitle "playchess.com"]
[Source "ChessBase"]
[SourceQuality "1"]
[TimeControl "5400+30"]

1. d4 Nf6 2. c4 g6 3. Nf3 Bg7 4. g3 O-O 5. Bg2 d6 6. O-O Nc6 7. d5 Nb8 8. Nc3 e5 9. dxe6 fxe6 10. Qc2 Nc6 11. Rd1 Qe7 12. h3 Kh8 13. e4 Nd7 14. Be3 Nc5 15. Rab1 a5 16. Kh2 Bd7 17. b3 Be8 18. Rbc1 a4 19. e5 Nxe5 20. Nxe5 axb3 21. axb3 Bxe5 22. b4 Na4 23. Nb5 Bxb5 24. cxb5 Nc3 25. Rd3 Nxb5 26. Bxb7 Rab8 27. Bc6 Rf7 28. Qa4 Nd4 29. Rxd4 Bxd4 30. Bxd4+ Kg8 31. b5 Qg5 32. Re1 Qf5 33. Qc4 e5 34. Ba7 Kg7 35. Bd5 Re7 36. f4 Rf8 37. Bg1 Rd8 38. Rf1 Rf8 39. Kg2 h5 40. Be4 Qf6 41. f5 gxf5 42. Rxf5 Qh6 43. Rxf8 Kxf8 44. Qe2 h4 45. Be3 Qg7 46. g4 Rd7 47. Bd5 Qg6 48. Qf2+ Kg7 49. Qxh4 Qc2+ 50. Kg3 Qg6 51. Qg5 1-0

[Event "Chile Championship Absolute 2022"]
[Site "Las Condes"]
[Date "2022.02.26"]
[Round "10.6"]
[White "Diaz Villagran, Robert"]
[Black "Vasquez Toledo, Cristian"]
[Result "1/2-1/2"]
[ECO "C49"]
[WhiteElo "2318"]
[BlackElo "2154"]
[Annotator "ChessBase"]
[PlyCount "41"]
[EventDate "2022.02.18"]
[EventType "tourn"]
[EventCountry "CHI"]
[SourceTitle "playchess.com"]
[Source "ChessBase"]
[SourceQuality "1"]
[TimeControl "5400+30"]

1. e4 e5 2. Nf3 Nc6 3. Nc3 Nf6 4. Bb5 Bb4 5. O-O O-O 6. d3 d6 7. Bg5 Bxc3 8. bxc3 h6 9. Bh4 Bg4 10. h3 Bd7 11. Bxc6 Bxc6 12. Qd2 Kh7 13. c4 Rg8 14. g4 g5 15. Bg3 Rg6 16. Nh2 Nd7 17. Rfe1 Nc5 18. Nf1 Ne6 19. Ne3 Nd4 20. Nf1 Ne6 21. c3 1/2-1/2

[Event "Chile Championship Absolute 2022"]
[Site "Las Condes"]
[Date "2022.02.27"]
[Round "11.1"]
[White "Vasquez Toledo, Cristian"]
[Black "Palma Neira, Eliseo Maximiliano"]
[Result "1-0"]
[ECO "B33"]
[WhiteElo "2154"]
[BlackElo "2029"]
[Annotator "ChessBase"]
[PlyCount "109"]
[EventDate "2022.02.18"]
[EventType "tourn"]
[EventCountry "CHI"]
[SourceTitle "playchess.com"]
[Source "ChessBase"]
[SourceQuality "1"]
[TimeControl "5400+30"]

1. e4 c5 2. Nf3 Nc6 3. d4 cxd4 4. Nxd4 Nf6 5. Nc3 e5 6. Ndb5 d6 7. Bg5 a6 8. Na3 b5 9. Nd5 Be7 10. Bxf6 Bxf6 11. c3 O-O 12. Nc2 Bg5 13. a4 bxa4 14. Rxa4 a5 15. Bc4 Rb8 16. b3 Be6 17. Nce3 Bxe3 18. Nxe3 Qd7 19. O-O Rfd8 20. Qc2 Bxc4 21. Rxc4 Qb7 22. Rb1 Ne7 23. Ra4 d5 24. exd5 Nxd5 25. Rxa5 Nxe3 26. fxe3 e4 27. Ra4 Rd3 28. Rd4 Rxe3 29. Qd2 Rd3 30. Rxd3 exd3 31. Qxd3 Qa7+ 32. Kh1 Qe7 33. h3 h5 34. b4 Qh4 35. Rf1 Rb6 36. Qd5 Re6 37. b5 Rf6 38. Rxf6 Qxf6 39. Qa8+ Kh7 40. Qe4+ g6 41. c4 Qf1+ 42. Kh2 f5 43. Qe5 Qf2 44. c5 f4 45. c6 h4 46. c7 f3 47. Qe7+ Kh6 48. Qf8+ Kh7 49. Qxf3 Qc5 50. Qf4 g5 51. Qf7+ Kh6 52. Qf6+ Kh5 53. b6 g4 54. hxg4+ Kxg4 55. Qe6+ 1-0